 Dungeon Crawl Stone Soup version 0.25.0-11-g1f837a76a1 (webtiles) character file.

Game seed: 15196650044837288396

59 MisterFreud the Skirmisher (level 3, -2/36 HPs)
             Began as a Minotaur Hunter on June 27, 2020.
             Slain by an orc wizard
             ... wielding a +0 dagger
              (7 damage)
             ... on level 3 of the Dungeon.
             The game lasted 00:02:08 (2167 turns).

MisterFreud the Skirmisher (Minotaur Hunter)        Turns: 2167, Time: 00:02:09

Health: -2/36      AC: -1    Str: 17    XL:     3   Next: 78%
Magic:  2/2        EV: 12    Int:  8    God:
Gold:   127        SH:  0    Dex: 10    Spells: 2/2 levels left

rFire    . . .     SeeInvis .   j - +2 dagger (protect)
rCold    . . .     Gourm    .   (no shield)
rNeg     . . .     Faith    .   c - +0 leather armour
rPois    .         Spirit   .   (helmet restricted)
rElec    .         Reflect  .   (no cloak)
rCorr    .         Harm     .   (no gloves)
MR       .....                  (no boots)
Stlth    +.........             (no amulet)
HPRegen  0.12/turn              o - -4 ring of protection (curse)
MPRegen  0.08/turn              (no ring)

@: confused
A: retaliatory headbutt, horns 2
a: no special abilities


You were on level 3 of the Dungeon.
You were not hungry.

You visited 1 branch of the dungeon, and saw 3 of its levels.

You collected 127 gold pieces.

Inventory:

Hand Weapons
 a - a +1 hunting sling
 b - a +0 short sword
 j - a +2 dagger of protection (weapon)
Missiles
 d - 20 sling bullets
 e - 69 stones (quivered)
 m - 4 poisoned darts
Armour
 c - a +0 leather armour (worn)
Jewellery
 o - a cursed -4 ring of protection (left hand)
Scrolls
 g - 2 scrolls of fear {unknown}
 h - a scroll of enchant armour {unknown}
 i - a scroll of magic mapping {unknown}
 k - 3 scrolls of random uselessness {unknown}
 n - a scroll of identify {unknown}
Potions
 p - 2 potions of berserk rage {unknown}
Comestibles
 f - 8 rations
 l - a chunk of flesh


   Skills:
 + Level 5.1 Fighting
 - Level 4.3 Slings
 - Level 2.1 Dodging
 - Level 0.7 Stealth


You had 2 spell levels left.
You didn't know any spells.
Your spell library was empty.

Dungeon Overview and Level Annotations

Branches:
Dungeon (3/15)

Altars:
Gozag


Innate Abilities, Weirdness & Mutations

You reflexively headbutt those who attack you in melee.
You have a pair of horns on your head.


Message History

The orc priest hits you with a +0 falchion.
You closely miss the orc wizard.
The orc wizard is lightly wounded.
The orc wizard casts a spell at you.
You are confused.
You are too confused!
You are too confused!
Unknown command.
You bump into the rock wall.
The orc priest hits you with a +0 falchion.
The orc wizard barely misses you.
The orc wizard hits you with a +0 dagger.
The orc priest closely misses you. The orc wizard barely misses you.
An orc priest comes into view. It is wielding a +0 mace.
The orc priest shouts!
The orc wizard barely misses you. The orc barely misses you.
The orc priest hits you with a +0 falchion!
* * * LOW HITPOINT WARNING * * *
The orc wizard hits you with a +0 dagger!
You die...

#. #. #.# #. #.# #
#. #.# #.##.###
#.##### ##......#
#.....
........###).##
#...$.........#
).......###.o@####
..........#.o....#
......###.##oo####
...... #.##..#
#.... #.##..#
#.### #.##..# #
#.##.o# ##.##...
#..###..


You could see 2 orc priests, an orc wizard and 2 orcs.

Vanquished Creatures
  2 worms (D:2)
  2 leopard geckos
  6 bats
  3 giant cockroaches
  6 goblins
  4 hobgoblins
  9 jackals
  7 kobolds
  A quokka (D:2)
  A frilled lizard (D:2)
  4 rats
45 creatures vanquished.

Notes
Turn   | Place    | Note
-------+----------+-------------------------------------------
     0 | D:1      | MisterFreud the Minotaur Hunter began the quest for the
                  | Orb.
     0 | D:1      | Reached XP level 1. HP: 18/18 MP: 0/0
    27 | D:1      | Reached skill level 3 in Fighting
   175 | D:1      | Reached XP level 2. HP: 25/26 MP: 1/1
   394 | D:1      | Reached skill level 4 in Fighting
  1135 | D:2      | Reached XP level 3. HP: 31/34 MP: 2/2
  1950 | D:2      | Found an opulent altar of Gozag.
  2067 | D:2      | Reached skill level 5 in Fighting
  2167 | D:3      | Slain by an orc wizard

Illustrated notes

Levels and vault maps discovered:
D:1:      sevenhm_arrival_forest_fort_large_4, layout_basic
D:2:      layout_basic, first_ration, serial_forest,
          infiniplex_forest_clump_double, infiniplex_forest_lined_2,
          infiniplex_forest_clump_tiny, infiniplex_forest_zigzag_1,
          infiniplex_forest_clump_large, infiniplex_forest_clump_large,
          infiniplex_forest_lined_room_, grunt_gozag_statues
D:3:      minmay_chambers_of_twos, layout_loops_ring, minmay_shallow_snake_nest

Skill      XL: |  1  2  3 |
---------------+----------+-----
Fighting       | 3 4 5 |  5.1
Slings         | |  4.3
Dodging        | |  2.1
Stealth        | |  0.7

Action                   || total
-------------------------++-------
Melee: Short sword       ||    33
       Headbutt          ||    16
       Dagger            ||    79
  Eat: Chunk             ||     4
Armor: Leather armour    ||    26
Dodge: Dodged            ||    83
